 Dungeon Crawl Stone Soup version 0.29-a0-845-g6161e89988 (webtiles) character file.

Game seed: 12571794481993547722

50 buhh the Ducker (level 3, -1/25 HPs)
             Began as a Felid Berserker on July 16, 2022.
             Was a Believer of Trog.
             Succumbed to an adder's poison
             ... on level 2 of the Dungeon.
             The game lasted 00:03:58 (994 turns).

buhh the Ducker (Felid Berserker)                    Turns: 994, Time: 00:03:58

Health: -1/25      AC:  1    Str: 15    XL:     3   Next: 55%
Magic:  4/4        EV: 19    Int:  8    God:    Trog [**....]
Gold:   80         SH:  0    Dex: 15    Spells: 2/2 levels left
                                        Lives:  0   Deaths: 0

rFire   . . .      SeeInvis +     - Unarmed
rCold   . . .      Faith    .   (shield unavailable)
rNeg    . . .      Spirit   .   (body armour unavailable)
rPois   .          Reflect  .   (helmet unavailable)
rElec   .          Harm     .   (cloak unavailable)
rCorr   .          Rampage  .   (gloves unavailable)
Will    .....                   (boots unavailable)
Stlth   ..........              (no amulet)
HPRegen 0.08/turn               (no ring)
MPRegen 0.09/turn               (no ring)

@: mighty, berserking, lethally poisoned (-1 -> -6), very quick
A: very small, claws 1, fangs 3, see invisible, speed 1, shaggy fur 1, stealthy
paws, no weapons or thrown items, no armour, multi-lived
a: Renounce Religion, Berserk, Trog's Hand


You were on level 2 of the Dungeon.
You worshipped Trog.
Trog was pleased with you.
You visited 1 branch of the dungeon, and saw 2 of its levels.

You collected 80 gold pieces.

Inventory:

Scrolls
 d - a scroll of vulnerability
Potions
 e - a potion of heal wounds {unknown}
 f - a potion of mutation {unknown}


   Skills:
 + Level 3.6 Fighting
 + Level 4.8 Dodging
 + Level 3.6 Unarmed Combat


You had 2 spell levels left.
You didn't know any spells.
Your spell library was empty.

Dungeon Overview and Level Annotations

Branches:
Dungeon (2/15) Zot: 11086

Altars:


Innate Abilities, Weirdness & Mutations

You have sharp claws.
You have razor-sharp teeth.
You have supernaturally acute eyesight. (SInv)
You cover ground quickly. (Speed+)
You are covered in fur. (AC +1)
Your paws help you pounce on unaware monsters.
You are incapable of wielding weapons or throwing items.
You cannot wear armour.
You gain extra lives every three experience levels.


Message History

A rat comes into view.
The goblin misses you.
The giant cockroach attacks as you move away!
The giant cockroach completely misses you.
You feel yourself speed up. The goblin completely misses you.
The giant cockroach closely misses you.
There is an open door here.
The goblin closely misses you. The goblin hits you with a +0 club.
The rat completely misses you. The goblin hits you with a +0 club.
The rat bites you.
* * * LOW HITPOINT WARNING * * *
You open the door.
An adder, a dart slug and a ball python come into view.
The rat bites you but does no damage.
The ball python hisses angrily.
There is an open door here.
As you read the scroll labelled CUC TEEWNUNYA, it crumbles to dust.
The creatures around you are filled with an inner flame!
It was a scroll of immolation.
As you read the scroll labelled MOJYOG OTOTZO, it crumbles to dust.
It is a scroll of identify.
d - a scroll of vulnerability The adder barely misses you.
The ball python misses you. The ball python closely misses you.
The rat misses you.
The dart slug bites you but does no damage.
The adder completely misses you.
It was a potion of might.
You feel very mighty all of a sudden.
You recover from your berserk rage.
The ball python closely misses you. The ball python misses you.
The rat misses you. The adder bites you.
* * * LOW HITPOINT WARNING * * *
You are lethally poisoned!
The adder poisons you! The ball python misses you.
The ball python completely misses you. The dart slug closely misses you.
Okay, then.
Your library has no spells.
Your library has no spells.
A red film seems to cover your vision as you go berserk!
You feel yourself moving faster!
You feel mighty!
You die...

##...........))†...###.#
#...#o##..###.†......[#
#.. #o.#..# ##........#
# #. #.o#..# #.^.####.#
.. .. #..#######...#
#.##.# ## #..#
...#...####.#... ##.o##
...##.#........#
##8.o8##S.##.....##<#.#
+...Bor@S.###..#......#
#..##gg#w.#....##.†..##
### ####..##..).##...#
...#.....(...#
...#....##...#
##+##....##..#
#.....#..# ###........
##########


You could see an orc wizard (inner flame, invisible), an adder (inner flame), a
dart slug (inner flame), 2 orcs, a giant cockroach (inner flame), 2 goblins, a
ball python (inner flame) and a rat (inner flame).

Vanquished Creatures
  A dart slug (D:2)
  5 bats (D:1)
  3 endoplasms (D:1)
  4 giant cockroaches (D:1)
  4 goblins
  4 hobgoblins
  2 jackals (D:1)
  3 kobolds (D:1)
  5 quokkas
  A ball python (D:1)
  2 frilled lizards
  7 rats
41 creatures vanquished.

Notes
Turn   | Place    | Note
-------+----------+-------------------------------------------
     0 | D:1      | buhh the Felid Berserker began the quest for the Orb.
     0 | D:1      | Reached XP level 1. HP: 10/10 MP: 2/2
    77 | D:1      | Reached XP level 2. HP: 14/14 MP: 3/3
   264 | D:1      | Reached XP level 3. HP: 9/17 MP: 4/4
   282 | D:1      | Reached ** piety under Trog
   994 | D:2      | Succumbed to an adder's poison

Illustrated notes

Levels and vault maps discovered:
D:1:      amcnicky_arrival_underground_garden, layout_rooms
D:2:      minmay_chambers_of_twos, layout_rooms,
          dreamdust_ecumenical_altar_angels_and_demons, grunt_decor_cap,
          minmay_pentomino_w2, uniq_jessica

Action                   || total
-------------------------++-------
Melee: Unarmed           ||    78
       Punch             ||     1
       Bite              ||     8
Invok: Berserk           ||     4
  Use: Scroll            ||     2
       Potion            ||     1
Armor: Skin              ||     4
Dodge: Dodged            ||    96

Table legend: (Time is in decaauts)
 A = Elapsed time spent in this place.
 B = Non-inter-level travel time spent in this place.
 C = Inter-level travel time spent in this place.
 D = Time resting spent in this place.
 E = Time spent auto-exploring this place.
 F = Levels seen in this place.
 G = Mean time per level.
                   A        B        C        D        E       F      G
               +--------+--------+--------+--------+--------+-----+--------+
         Total |    913 |    901 |     12 |    114 |    453 |   2 |  456.5 |
       Dungeon |    913 |    901 |     12 |    114 |    453 |   2 |  456.5 |
               +--------+--------+--------+--------+--------+-----+--------+

Top non-repeatable levels by time:
     D:1: 722 daAuts
     D:2: 190 daAuts
